 Dungeon Crawl Stone Soup version 0.31.0 (webtiles) character file.

Game seed: 4425625225406494875

41 Daunt the Chopper (level 3, -1/27 (30) HPs)
             Began as a Hill Orc Reaver on Jan 20, 2024.
             Slain by a goblin
             ... wielding a +0 club
             ... led by Robin
              (6 damage)
             ... on level 2 of the Dungeon.
             The game lasted 00:03:24 (1175 turns).

Daunt the Chopper (Hill Orc Reaver)                 Turns: 1175, Time: 00:03:24

HP:   -1/27 (30)    AC:  4    Str: 16    XL:     3   Next: 52%
MP:   5/5           EV: 11    Int: 13    God:
Gold: 109           SH:  0    Dex:  9    Spells: 4/5 levels left

rFire   . . .        a - +0 hand axe
rCold   . . .        (no shield)
rNeg    . . .        b - +0 leather armour
rPois   .            (no helmet)
rElec   .            h - +0 cloak
rCorr   .            (no gloves)
SInv    .            (no boots)
Will    .....        (no amulet) Stlth
                     (no ring)
HPRegen 0.24/turn    (no ring)
MPRegen 0.09/turn

%: no passive effects
@: confused, ambrosia-drunk, heavily drained
A: no striking features
a: no special abilities


You were on level 2 of the Dungeon.
You visited 1 branch of the dungeon, and saw 2 of its levels.

You collected 109 gold pieces.

Inventory:

Hand Weapons
 a - a +0 hand axe (weapon)
Missiles
 d - 2 silver javelins
Armour
 b - a +0 leather armour (worn)
 g - a +0 scale mail
 h - a +0 cloak (worn)
Potions
 e - a potion of might {unknown}
 f - a potion of degeneration {unknown}
 i - a potion of resistance {unknown}


   Skills:
 - Level 2.4 Fighting
 + Level 5.9 Axes
 - Level 1.5 Dodging
 - Level 1.5 Spellcasting
 - Level 3.0 Conjurations


You had 4 spell levels left.
You knew the following spells:

 Your Spells              Type           Power      Damage    Failure   Level
a - Kiss of Death         Conj/Necr      16%        2d6       19%         1

Your spell library contained the following spells:

 Spells                   Type           Power      Damage    Failure   Level
 Momentum Strike          Conj/Tloc      8%         3d8       26%         2
 Slow                     Hex            4%         N/A       32%         1
 Hailstorm                Conj/Ice       4%         3d5       47%         3
 Confusing Touch          Hex            1%         N/A       69%         3
 Sigil of Binding         Hex            1%         N/A       69%         3
 Vampiric Draining        Necr           1%         2d6       69%         3


Dungeon Overview and Level Annotations

Branches:
Dungeon (2/15)

Altars:
Beogh

Annotations:
D:2 dig, Robin


Message History

The goblin hits you with a +0 club.
* * * LOW HITPOINT WARNING * * *
Unknown command.
You closely miss the goblin.
The goblin shouts!
You hit the hobgoblin.
You kill the hobgoblin!
The goblin no longer looks unusually strong.
Robin roars a battlecry!
The goblins go into a battle-frenzy!
The goblin hits you with a +0 club.
* * * LOW HITPOINT WARNING * * *
Unknown command.
Unknown command.
It was a potion of ambrosia.
You are confused.
You feel invigorated. The hobgoblin barely misses you.
The goblin closely misses you.
You bump into the rock wall.
The hobgoblin hits you but does no damage.
The goblin hits you with a +0 club.
* * * LOW HITPOINT WARNING * * *
Unknown command.
Unknown command.
Unknown command.
You hit the goblin but do no damage. You barely miss the hobgoblin.
The hobgoblin hits you.
* * * LOW HITPOINT WARNING * * *
The goblin hits you but does no damage.
Unknown command.
Unknown command.
You bump into the rock wall.
The hobgoblin hits you.
* * * LOW HITPOINT WARNING * * *
The goblin hits you with a +0 club.
* * * LOW HITPOINT WARNING * * *
Unknown command.
Unknown command.
You're too confused to move!
The hobgoblin closely misses you. The goblin hits you with a +0 club.
You die...

#### ### #..# #.######
######.g###########.......
......ggg@g.......#.#.....
######.g#########.#.#.####
........# #.#.#.# #
#######.# ###'#.#.# # #g#
#.....#.# # #g# #.....#.#
# #.# #.....#.# # #g#
#.....#.# #


g.g #.....#.# # You could see Robin, 2 hobgoblins and 3 goblins.

Vanquished Creatures
  An adder (D:2)
  2 dart slugs (D:1)
  A bat (D:1)
  3 endoplasms (D:1)
  A giant cockroach (D:1)
  6 goblins
  4 hobgoblins
  2 ball pythons
  3 frilled lizards
  2 rats (D:1)
25 creatures vanquished.

Notes
Turn   | Place    | Note
-------+----------+-------------------------------------------
     0 | D:1      | Daunt the Hill Orc Reaver began the quest for the Orb.
     0 | D:1      | Reached XP level 1. HP: 18/18 MP: 3/3
   225 | D:1      | Reached XP level 2. HP: 25/25 MP: 4/4
   512 | D:1      | Reached skill level 5 in Axes
   629 | D:1      | Found a roughly hewn altar of Beogh.
   694 | D:1      | Found a faded altar of an unknown god.
   891 | D:2      | Reached XP level 3. HP: 26/30 MP: 5/5
  1147 | D:2      | Noticed Robin
  1173 | D:2      | HP: 1/27 [hobgoblin[Robin] (5)]
  1175 | D:2      | Slain by a goblin

Illustrated notes

Levels and vault maps discovered:
D:1:      amcnicky_arrival_choice, layout_loops_ring,
          hellmonk_ecumenical_altar_defaced_shrine
D:2:      layout_basic, grunt_ministairs_14, minmay_surrounded, uniq_robin

Skill      XL: |  1  2 |
---------------+-------+-----
Axes           | 5 |  5.9
Fighting       | |  2.4
Dodging        | |  1.5
Spellcasting   | |  1.5
Conjurations   | |  3.0

Action                     || total
---------------------------++-------
  Melee: Hand axe          ||    88
   Cast: Kiss of Death     ||     1
    Use: Potion            ||     1
 Armour: Leather armour    ||    62
  Dodge: Dodged            ||    44
